 Dungeon Crawl Stone Soup version 0.24-a0-652-g46ecf6da75 (webtiles) character file.

Game seed: 12233188279802584042, levelgen mode: deterministic

447 Mame the Changer (level 6, 0/26 HPs)
             Began as a Felid Transmuter on Sept 26, 2019.
             Was a Priest of Elyvilon.
             Killed by divine providence
             ... invoked by an orc priest
              (11 damage)
             ... on level 5 of the Dungeon.
             The game lasted 00:32:31 (7021 turns).

Mame the Changer (Felid Transmuter)                 Turns: 7021, Time: 00:32:32

Health: 0/26       AC:  2    Str:  8    XL:     6   Next: 73%
Magic:  14/14      EV: 18    Int: 15    God:    Elyvilon [***...]
Gold:   258        SH:  0    Dex: 16    Spells: 8/15 levels left
                                        Lives:  0   Deaths: 2

rFire    . . .     SeeInvis +     - Unarmed
rCold    . . .     Gourm    .   (shield unavailable)
rNeg     . . .     Faith    .   (armour unavailable)
rPois    .         Spirit   .   (helmet unavailable)
rElec    .         Reflect  .   (cloak unavailable)
rCorr    .         Harm     .   (gloves unavailable)
MR       .....                  (boots unavailable)
Stlth    +++.......             (no amulet)
HPRegen  0.08/turn              (no ring)
MPRegen  0.14/turn              (no ring)

@: quick
A: very small, no armour, no weapons or thrown items, stealth, claws 1, fangs 3,
see invisible, carnivore, speed 1, shaggy fur 2, slow metabolism 1, sharp paws
a: Lesser Healing, Heal Other, Purification, Divine Protection, Renounce
Religion


You were on level 5 of the Dungeon.
You worshipped Elyvilon.
Elyvilon was most pleased with you.
You were completely stuffed.

You visited 1 branch of the dungeon, and saw 5 of its levels.

You collected 258 gold pieces.

Inventory:

Missiles
 a - 46 arrows
Jewellery
 u - a cursed amulet of regeneration
 v - an uncursed ring of fire {unknown}
Scrolls
 d - 2 scrolls of enchant armour {unknown}
 f - 3 scrolls of remove curse
 g - 2 scrolls of fear {unknown}
 i - a scroll of enchant weapon {unknown}
 j - 3 scrolls of magic mapping {unknown}
 m - 3 scrolls of random uselessness {unknown}
 n - a scroll of teleportation {unknown}
 s - 2 scrolls of identify
Potions
 b - 2 potions of lignification
 e - 2 potions of haste
 h - a potion of ambrosia {unknown}
 k - a potion of resistance {unknown}
 l - 2 potions of cancellation {unknown}
 o - a potion of brilliance {unknown}
 p - a potion of degeneration {unknown}
 q - a potion of flight {unknown}
 r - a potion of heal wounds {unknown}
 t - a potion of mutation {unknown}
Comestibles
 c - 9 rations
 w - a chunk of flesh


   Skills:
 - Level 2.0 Fighting
 - Level 2.6 Dodging
 + Level 5.2 Stealth
 + Level 4.7 Unarmed Combat
 + Level 5.0 Spellcasting
 + Level 5.9 Transmutations


You had 8 spell levels left.
You knew the following spells:

 Your Spells              Type           Power        Failure   Level  Hunger
a - Beastly Appendage     Tmut           ###...       1%          1    None
b - Sticks to Snakes      Tmut           ###.....     2%          2    ##.....
c - Confusing Touch       Hex            #.....       16%         1    None
d - Spider Form           Tmut/Pois      ##........   14%         3    ###....

Your spell library contained the following spells:

 Spells                   Type           Power        Failure   Level  Hunger
 Blade Hands              Tmut           ###.......   36%         5    ######.
 Confuse                  Hex            #.......     43%         3    ###....
 Gell's Gravitas          Tloc           #.........   43%         3    ###....
 Ice Form                 Ice/Tmut       ##......     43%         4    ####...
 Petrify                  Tmut/Erth      ##......     43%         4    ####...
 Yara's Violent Unravell  Hex/Tmut       ##........   80%         5    ######.
 Metabolic Englaciation   Hex/Ice        #.........   99%         5    ######.


Dungeon Overview and Level Annotations

Branches:
Dungeon (5/15)             Temple (0/1) D:4

Altars:
Ashenzari
Dithmenos
Elyvilon
Kikubaaqudgha
Ru

Annotations:
D:5 Dowan, Duvessa, Edmund


Innate Abilities, Weirdness & Mutations

You cannot wear armour.
You are incapable of wielding weapons or throwing items.
Your paws allow you to move quietly. (Stealth)
You have sharp claws.
You have razor-sharp teeth.
You have supernaturally acute eyesight. (SInv)
You are carnivorous and can eat meat at any time.
You cover ground quickly.
You are covered in thick fur. (AC +2)
You have a slow metabolism.
Your sharp claws are effective at attacking unaware monsters.


Message History

The orc is heavily wounded.
The orc completely misses you.
The orc priest mumbles some strange prayers to Beogh against you.
Beogh smites you!
Ouch! That really hurt!
You claw the orc!
You kill the orc!
You hear a splash. x2
You enter the shallow water.
Moving in this stuff is going to be slow.
Things that are here:
a +0 short sword; a +0 ring mail You claw the orc priest!
The orc priest is heavily wounded.
The orc priest completely misses you.
You scratch the orc priest.
The orc priest is heavily wounded.
The orc priest invokes the aid of Beogh against you.
Beogh smites you!
You die...

#### ####### #..#
##.......#.######..###
##.#######..#..........
####.#..)≈≈..#.#.####.....
########...#..≈.@.≈..#...........
..........#...≈(_o≈...#.#.##..###
...........#..≈...≈..#..#.##..##.
..........#.#..≈≈≈..#.#.#.##..##.
.............#######..#.#.##..##.
......................#..........
....................#.#.#.##..##.
^...................#............
....................#...#........


You could see an orc priest.

Vanquished Creatures
  Sigmund (D:5)
  Menkaure (D:4)
  A phantom (D:4)
  2 ogres
  A water moccasin zombie (D:5)
  A crimson imp (D:5)
  Jessica (D:2)
  Natasha (twice) (D:4)
  An orc wizard (D:4)
  2 worker ants
  10 adders
  3 dart slugs
  3 leopard geckos
  12 orcs
  A ball python (D:5)
  7 giant cockroaches
  6 goblins
  9 hobgoblins
  13 jackals
  10 bats
  9 frilled lizards
  7 kobolds
  6 rats
109 creatures vanquished.

Vanquished Creatures (collateral kills)
  Natasha (D:4)
  3 adders
  5 orcs
  2 jackals (D:5)
  A kobold (D:3)
  A rat (D:3)
13 creatures vanquished.

Grand Total: 122 creatures vanquished

Notes
Turn   | Place    | Note
-------+----------+-------------------------------------------
     0 | D:1      | Mame the Felid Transmuter began the quest for the Orb.
     0 | D:1      | Reached XP level 1. HP: 9/9 MP: 4/4
    56 | D:1      | Reached skill level 1 in Stealth
    89 | D:1      | Reached XP level 2. HP: 11/12 MP: 6/6
   589 | D:1      | Reached XP level 3. HP: 8/16 MP: 7/7
  1635 | D:2      | Noticed Jessica
  1652 | D:2      | Killed Jessica
  1652 | D:2      | Reached XP level 4. HP: 18/19 MP: 8/8
  2006 | D:2      | Learned a level 2 spell: Sticks to Snakes
  2663 | D:3      | Found a white marble altar of Elyvilon.
  2670 | D:3      | Became a worshipper of Elyvilon the Healer
  2850 | D:3      | Reached XP level 5. HP: 22/22 MP: 10/10
  2912 | D:3      | Found an ancient bone altar of Kikubaaqudgha.
  2947 | D:3      | Found a shattered altar of Ashenzari.
  3400 | D:4      | Reached * piety under Elyvilon
  3694 | D:4      | Found a shadowy altar of Dithmenos.
  3697 | D:4      | Noticed Natasha
  3722 | D:4      | Killed Natasha
  3889 | D:4      | Noticed Natasha
  3890 | D:4      | Noticed Menkaure
  3919 | D:4      | Killed Natasha
  4214 | D:4      | Noticed Natasha
  4236 | D:4      | HP: 1/22 [Natasha/magic dart (6)]
  4239 | D:4      | Killed from afar by a white imp
  4240 | D:4      | Reached XP level 4. HP: 0/19 MP: 8/10
  4309 | D:4      | Noticed an ogre
  4312 | D:4      | Elyvilon protects you from harm!
  4318 | D:4      | Killed an ogre
  4318 | D:4      | Reached XP level 5. HP: 22/22 MP: 11/11
  4666 | D:4      | Reached ** piety under Elyvilon
  4666 | D:4      | Found a staircase to the Ecumenical Temple.
  4699 | D:4      | Killed Natasha
  4755 | D:4      | Learned a level 1 spell: Confusing Touch
  5282 | D:4      | Killed Menkaure
  5282 | D:4      | Reached skill level 5 in Transmutations
  5282 | D:4      | Gained mutation: You are covered in thick fur. (AC +2)
                  | [Felid growth]
  5282 | D:4      | Reached XP level 6. HP: 26/26 MP: 13/13
  5738 | D:5      | Entered Level 5 of the Dungeon
  5849 | D:5      | Found a sacrificial altar of Ru.
  5866 | D:5      | Noticed Duvessa
  5875 | D:5      | Noticed Dowan
  5991 | D:5      | Reached XP level 7. HP: 26/30 MP: 14/14
  6249 | D:5      | Found a sacrificial altar of Ru.
  6337 | D:5      | Learned a level 3 spell: Spider Form
  6585 | D:5      | Reached *** piety under Elyvilon
  6794 | D:5      | Noticed Sigmund
  6819 | D:5      | Killed Sigmund
  6819 | D:5      | Reached skill level 5 in Stealth
  6819 | D:5      | Reached skill level 5 in Spellcasting
  6917 | D:5      | Noticed Edmund
  6935 | D:5      | Elyvilon protects you from harm!
  6942 | D:5      | Slain by Edmund
  6943 | D:5      | Reached XP level 6. HP: -2/26 MP: 14/14
  7021 | D:5      | Killed from afar by an orc priest

Levels and vault maps discovered:
D:1:      psy_arrival_conway, layout_rooms, minivault_4,
          wad_floor_pattern_untrapped, minmay_octomino_c4
D:2:      layout_loops_corners, minmay_misc_feat_alley, uniq_jessica
D:3:      layout_loops_ring, old_standard_altar, kiku_gazebo_garden_becter,
          lemuel_doored_altar
D:4:      minmay_general_purpose_star, layout_layer_cave, old_standard_altar,
          minmay_temple_entry_large_hall, first_ration, uniq_natasha,
          uniq_menkaure
D:5:      layout_basic, lemuel_crystal_altar, nicolae_ru_awakened_eye,
          uniq_duvessa, uniq_edmund, uniq_sigmund

Skill      XL: |  1  2  3  4  5  6  7 |
---------------+----------------------+-----
Stealth        | 1 2 3 4 5 |  5.2
Fighting       | 2 |  2.0
Transmutations | 3 5 |  5.9
Spellcasting   | 3 4 5 |  5.0
Unarmed Combat | 4 |  4.7
Dodging        | |  2.6

Action                   |  1- 3 |  4- 6 |  7- 9 || total
-------------------------+-------+-------+-------++-------
Melee: Unarmed           |   135 |   221 |    61 ||   417
       Bite              |     8 |    13 |     5 ||    26
       Punch             |     3 |     5 |       ||     8
       Headbutt          |     7 |     3 |       ||    10
 Cast: Beastly Appendage |     7 |    11 |     1 ||    19
       Sticks to Snakes  |       |    24 |       ||    24
       Confusing Touch   |       |     1 |     7 ||     8
  Use: Scroll            |       |     3 |       ||     3
       Potion            |       |     2 |       ||     2
 Stab: Sleeping          |     5 |     8 |     2 ||    15
       Confused          |       |       |     6 ||     6
  Eat: Chunk             |     9 |    21 |     2 ||    32
Armor: Skin              |     9 |     5 |     3 ||    17
Dodge: Dodged            |   119 |   168 |    31 ||   318

Table legend:
 A = Non-vault XP
 B = Vault XP
 C = Vault XP percentage of total XP
 D = Non-vault monster count
 E = Vault monster count
 F = Vault count percentage of total count
                 A         B        C        D         E       F
            +---------+---------+-------+---------+---------+-------
      Total |     943 |     457 |  32.6 |     109 |      13 |  10.7
            +---------+---------+-------+---------+---------+-------
        D:1 |      47 |      12 |  20.3 |      27 |       8 |  22.9
        D:2 |      70 |      37 |  34.6 |      20 |       1 |   4.8
        D:3 |      66 |       0 |   0.0 |      24 |       0 |   0.0
        D:4 |     398 |     203 |  33.8 |      18 |       3 |  14.3
        D:5 |     362 |     205 |  36.2 |      20 |       1 |   4.8
            +---------+---------+-------+---------+---------+-------
